 Dungeon Crawl Stone Soup version 0.29.0-11-gd7f09526c8 (webtiles) character file.

Game seed: 1223625924806748779

2373 greatdavidd the Cleaver (level 9, -9/79 HPs)
             Began as a Hill Orc Fighter on Sept 4, 2022.
             Was a Priest of Okawaru.
             Mangled by an ogre
             ... wielding a +0 giant club
              (25 damage)
             ... on level 7 of the Dungeon.
             The game lasted 00:09:49 (8540 turns).

greatdavidd the Cleaver (Hill Orc Fighter)          Turns: 8540, Time: 00:09:50

Health: -9/79      AC: 12    Str: 23    XL:     9   Next: 45%
Magic:  13/13      EV: 10    Int:  8    God:    Okawaru [***...]
Gold:   232        SH: 10    Dex: 10    Spells: 8/8 levels left

rFire   . . .      SeeInvis .   a - +0 war axe
rCold   . . .      Faith    .   c - +0 buckler
rNeg    . . .      Spirit   .   b - +0 scale mail
rPois   .          Reflect  +   (no helmet)
rElec   .          Harm     .   r - +0 cloak
rCorr   .          Rampage  .   u - +1 pair of gloves
Will    .....                   v - +0 pair of boots
Stlth   ..........              e - amulet of reflection
HPRegen 0.23/turn               (no ring)
MPRegen 0.13/turn               (no ring)

@: no status effects
A: no striking features
a: Renounce Religion, Heroism


You were on level 7 of the Dungeon.
You worshipped Okawaru.
Okawaru was most pleased with you.
You visited 2 branches of the dungeon, and saw 8 of its levels.

You collected 232 gold pieces.

Inventory:

Hand Weapons
 a - a +0 war axe (weapon)
Armour
 b - a +0 scale mail (worn)
 c - a +0 buckler (worn)
 r - a +0 cloak (worn)
 u - a +1 pair of gloves (worn)
 v - a +0 pair of boots (worn)
Jewellery
 e - an amulet of reflection (around neck)
Wands
 w - a wand of digging (5)
Scrolls
 h - 2 scrolls of butterflies
 l - 4 scrolls of teleportation
 m - a scroll of summoning
 o - a scroll of amnesia
 q - 3 scrolls of identify
 t - a scroll of blinking
Potions
 d - 3 potions of might
 f - 2 potions of flight
 g - a potion of heal wounds {unknown}
 i - 4 potions of curing {unknown}
 j - a potion of haste
 n - 4 potions of brilliance {unknown}
 p - a potion of invisibility {unknown}
 s - a potion of ambrosia {unknown}
 x - a potion of lignification {unknown}
 z - a potion of attraction {unknown}


   Skills:
 + Level 7.2 Fighting
 * Level 9.9 Axes
 + Level 6.5 Armour
 + Level 1.6 Dodging
 + Level 6.1 Shields
 + Level 5.4 Invocations


You had 8 spell levels left.
You didn't know any spells.
Your spell library contained the following spells:

 Spells                   Type           Power      Damage    Failure   Level
 Blink                    Tloc           0%         N/A       89%         2
 Conjure Flame            Conj/Fire      0%         6-21      98%         3
 Gell's Gravitas          Tloc           0%         N/A       98%         3
 Ignite Poison            Fire/Tmut/Pois 0%         N/A       98%         3
 Lesser Beckoning         Tloc           0%         N/A       98%         3
 Teleport Other           Tloc           0%         N/A       98%         3
 Sticky Flame             Conj/Fire      0%         2d3       100%        4
 Manifold Assault         Tloc           0%         N/A       100%        5


Dungeon Overview and Level Annotations

Branches:
Dungeon (7/15)             Temple (1/1) D:4

Altars:
Ashenzari
Dithmenos
Fedhas
Gozag
Kikubaaqudgha
Nemelex Xobeh
Okawaru
Qazlal
Sif Muna

Shops:
D:1 [

Annotations:
D:4 1 runed translucent door, XxsatanxX's ghost, amateur MiBe
D:5 3 runed translucent doors, BoneyBoi1234's ghost, novice MiHu


Message History

You hit the hound.
The hound is moderately wounded.
You block the hound's attack.
You miss the hound.
The hound is moderately wounded.
The hound bites you but does no damage. You block the hound's attack.
You slash the hound!
The hound is severely wounded.
The hound barely misses you. The hound bites you but does no damage.
You closely miss the hound.
The hound is severely wounded.
The hound pauses to sniff the ground.
The hound barely misses you.
You slice the hound!!
You kill the hound!
Okawaru accepts your kill.
No target in view!
You now have 232 gold pieces (gained 5).
An ogre comes into view. It is wielding a +0 giant club.
The ogre shouts!
Found 7 gold pieces.
The ogre hits you with a +0 giant club!!
You slash the ogre!
The ogre is heavily wounded.
The ogre hits you with a +0 giant club!!
You are too injured to fight recklessly!
You are too injured to fight recklessly!
You barely miss the ogre.
The ogre is heavily wounded.
You hit the ogre.
The ogre is severely wounded.
The ogre hits you with a +0 giant club!
* * * LOW HITPOINT WARNING * * *
You hit the ogre.
The ogre is severely wounded.
The ogre barely misses you.
You barely miss the ogre.
The ogre is severely wounded.
The ogre hits you with a +0 giant club!!
You die...

## #### ####.# #...#
###...### #...###
#.......###
#.....####.........##
#........#..........#
#....................
####...................
#....O@................
........................
........................
......$.................
##.........#............
..........###...........
..$......## #.....
.........# #...


You could see an ogre.

Vanquished Creatures
  Sigmund (D:6)
  A water moccasin (D:5)
  2 black bears
  Duvessa (D:4)
  An orc warrior (D:4)
  A sky beast (D:6)
  An ice beast (D:6)
  2 ogres
  2 phantoms (D:5)
  4 kobold brigands
  Blork the orc (D:6)
  A bullfrog (D:6)
  A necrophage (D:6)
  A scorpion (D:5)
  Dowan (D:4)
  4 hounds
  2 jellies (D:6)
  A gnoll bouda (D:5)
  Ijyb (D:3)
  2 iguanas
  An orc wizard (D:5)
  Robin (D:2)
  11 gnolls
  8 adders
  A shadow imp (D:6)
  2 ufetubi
  2 dart slugs
  10 orcs
  9 ball pythons
  5 endoplasms
  2 giant cockroaches (D:2)
  12 goblins
  11 hobgoblins
  4 jackals (D:2)
  4 quokkas
  6 bats
  2 frilled lizards
  38 kobolds
  A rat (D:3)
161 creatures vanquished.

Vanquished Creatures (others)
  A kobold (D:6)
  16 plants (D:4)
17 creatures vanquished.

Grand Total: 178 creatures vanquished

Notes
Turn   | Place    | Note
-------+----------+-------------------------------------------
     0 | D:1      | greatdavidd the Hill Orc Fighter began the quest for the
                  | Orb.
     0 | D:1      | Reached XP level 1. HP: 19/19 MP: 1/1
   292 | D:1      | Found Tualesk's Antique Armour Shop.
   364 | D:1      | Reached XP level 2. HP: 26/27 MP: 2/2
   403 | D:1      | Reached skill level 3 in Axes
  1132 | D:1      | Reached XP level 3. HP: 33/33 MP: 3/3
  1416 | D:2      | Noticed Robin
  1430 | D:2      | Killed Robin
  1484 | D:2      | Identified the +6 sling of Peril {flame, Will- Int+5}
  1561 | D:2      | Reached skill level 4 in Axes
  1561 | D:2      | Reached XP level 4. HP: 40/40 MP: 4/4
  1841 | D:2      | Found a faded altar of an unknown god.
  2115 | D:3      | Found an ancient bone altar of Kikubaaqudgha.
  2116 | D:3      | Found an opulent altar of Gozag.
  2279 | D:3      | Noticed Ijyb
  2295 | D:3      | Killed Ijyb
  2296 | D:3      | Reached XP level 5. HP: 42/47 MP: 5/5
  2802 | D:4      | Found a staircase to the Ecumenical Temple.
  2811 | D:3      | Reached skill level 5 in Axes
  2857 | Temple   | Entered the Ecumenical Temple
  2970 | Temple   | Became a worshipper of Warmaster Okawaru
  3278 | D:4      | Noticed an orc warrior
  3297 | D:5      | Entered Level 5 of the Dungeon
  3580 | D:5      | Reached XP level 6. HP: 54/55 MP: 6/6
  3603 | D:5      | Noticed a water moccasin
  3629 | D:5      | Killed a water moccasin
  3630 | D:5      | Reached skill level 5 in Fighting
  3630 | D:5      | Reached skill level 6 in Axes
  3630 | D:5      | Reached skill level 1 in Invocations
  4065 | D:5      | Reached * piety under Okawaru
  4066 | D:5      | Reached XP level 7. HP: 33/61 MP: 6/8
  4603 | D:5      | Reached skill level 5 in Armour
  4605 | D:5      | Reached skill level 7 in Axes
  4920 | D:5      | Reached XP level 8. HP: 39/70 MP: 7/10
  5166 | D:5      | Found a runed translucent gate.
  5166 | D:5      | Found a runed translucent gate.
  5240 | D:5      | Found a runed translucent gate.
  5240 | D:5      | Found an opulent altar of Gozag.
  5242 | D:5      | Noticed a two-headed ogre
  5242 | D:5      | Noticed BoneyBoi1234's ghost (novice MiHu)
  5561 | D:6      | Reached skill level 5 in Shields
  5561 | D:6      | Noticed Sigmund
  5585 | D:6      | Killed Sigmund
  5585 | D:6      | Reached ** piety under Okawaru
  5586 | D:6      | Reached skill level 8 in Axes
  6016 | D:6      | Noticed Blork the orc
  6023 | D:6      | Killed Blork the orc
  6209 | D:6      | Found a broken altar of Ashenzari.
  6523 | D:6      | Reached skill level 9 in Axes
  6585 | D:6      | Reached XP level 9. HP: 7/78 MP: 12/12
  7039 | D:6      | Reached skill level 1 in Dodging
  7114 | D:6      | Reached skill level 5 in Invocations
  7325 | D:4      | Found a runed translucent door.
  7325 | D:4      | Noticed XxsatanxX's ghost (amateur MiBe)
  7539 | D:4      | Noticed Dowan
  7541 | D:4      | Noticed Duvessa
  7547 | D:4      | Killed Dowan
  7561 | D:4      | Reached *** piety under Okawaru
  7562 | D:4      | Killed Duvessa
  7733 | D:4      | Found a blossoming altar of Fedhas.
  8540 | D:7      | Mangled by an ogre

Illustrated notes

Levels and vault maps discovered:
D:1:      elethiomel_arrival_infinity_welcomes_careful_drivers, layout_basic,
          serial_glass, glass_columns_b, glass_columns_a, serial_shops, shop,
          nicolae_kite_square_tiling_tiny
D:2:      layout_basic, shapermc_ecumenical_altar_mp_vishouse,
          kennysheep_generic_room_4, uniq_robin
D:3:      layout_rooms, mainiacjoe_overflow_divided_tiny, st_stairs_6,
          kennysheep_generic_room_8, uniq_ijyb
D:4:      kennysheep_kobold_camp, layout_cave_pools,
          mainiacjoe_overflow_alcove_2, minmay_temple_entry_offerings,
          hellmonk_ghost_happy_afterlife, serial_bayou_lagoon_b, uniq_duvessa
D:5:      layout_loops_ring, ebering_ghost_gozag
D:6:      layout_basic, mainiacjoe_overflow_paths, minivault_19,
          uniq_blork_the_orc, uniq_sigmund
D:7:      layout_layer_cave, dreamdust_princess_corridor
Temple:   minmay_crystal_spiral_temple

Skill      XL: |  1  2  3  4  5  6  7  8  9 |
---------------+----------------------------+-----
Axes           | 3 4 5 6 7 9 |  9.9
Fighting       | 4 5 6 7 |  7.2
Armour         | 4 5 6 |  6.5
Shields        | 4 5 6 |  6.1
Invocations    | 1 3 4 5 |  5.4
Dodging        | 1 |  1.6

Action                   |  1- 3 |  4- 6 |  7- 9 || total
-------------------------+-------+-------+-------++-------
Melee: War axe           |   115 |   206 |   303 ||   624
Invok: Heroism           |       |       |     3 ||     3
  Use: Scroll            |     4 |     4 |     2 ||    10
Armor: Scale mail        |    36 |    88 |   103 ||   227
Dodge: Dodged            |    43 |    93 |   111 ||   247
Block: Buckler           |    65 |   102 |   133 ||   300
       Reflection        |       |     6 |     5 ||    11
